gold golem, lawful female dwarven Archeologist ------- # ---------- ------------- |....<| # |.....>..| #.e..........| |....)| # |......... ###|...........| |.....| # |........|########+^..........| #....`.| # |.........###### |.......f..q| #--.---- # -.-.------ |`...`....@)| # ##### # ## ----.-------- # # #^ ### # # ### -----.--- ## `################################ # |%.......# # # # -----|- |.......|# # # |....`| |.......|# # -------# |.....| ---------### # |.....|# |.....| # ------.----- |..%..|# |.....| ### |..........| |.....|# |.....| # |..........| |.....|# |.....| ##...........| +.....-# ------- ------------ ------- gold golem the Investigator Experience level: 8 Strength: 18 Dexterity: 12 Constitution: 17 Intelligence: 14 Wisdom: 16 Charisma: 9 Health: 0(73) Energy: 28(28) Def: 10 Gold: 226 Moves: 13730 Dungeon seed: mnqbq4xw33LoZh-Z Game ID: gold golem_1531717116 Your Inventory: Coins $ - 226 gold pieces Amulets J - an uncursed amulet of reflection (being worn) Weapons k - a +0 orcish dagger H - 5 blessed +0 darts (in quiver) P - 14 cursed -1 darts U - a +0 elven dagger Armor l - an uncursed +0 pair of iron shoes (being worn) n - an uncursed +0 elven shield (being worn) r - an uncursed +0 elven leather helm (being worn) z - an uncursed +0 elven mithril-coat (being worn) Y - an uncursed burnt +0 alchemy smock (being worn) Comestibles E - an uncursed lizard corpse Scrolls e - an uncursed scroll of confuse monster t - an uncursed scroll of gold detection u - an uncursed scroll of light Q - 2 uncursed scrolls of earth Spellbooks d - an uncursed spellbook of sleep s - an uncursed spellbook of invisibility Potions b - a cursed potion of levitation f - a blessed potion of healing j - an uncursed potion of object detection R - a cursed potion of healing Rings A - a blessed +1 ring of gain strength B - an uncursed ring of invisibility C - an uncursed ring of searching S - a cursed ring of polymorph W - an uncursed +1 ring of gain constitution Wands g - a wand of light (0:11) h - a wand of teleportation (0:7) m - a wand of speed monster (0:4) D - a wand of probing (0:7) I - a wand of slow monster (0:2) N - a wand of opening (0:4) Tools c - a +0 pick-axe (weapon in hand) i - an uncursed bag of holding p - an uncursed mirror w - an uncursed skeleton key M - an uncursed towel V - a +0 unicorn horn Gems q - an uncursed touchstone y - 2 uncursed garnet stones L - an uncursed worthless piece of red glass X - an uncursed jade stone Contents of the bag of holding: 7415 gold pieces an uncursed amulet of magical breathing a cursed amulet of restful sleep a cursed amulet of restful sleep a +2 bullwhip a cursed -1 pair of kicking boots an uncursed banana an uncursed carrot 4 uncursed food rations an uncursed lembas wafer an uncursed orange 4 uncursed slime molds an uncursed scroll of confuse monster an uncursed scroll of confuse monster named 50 a cursed scroll of create monster an uncursed scroll of destroy armor named 50 an uncursed scroll of gold detection an uncursed scroll of remove curse an uncursed spellbook of detect monsters an uncursed potion of extra healing a cursed potion of extra healing an uncursed potion of fruit juice a blessed potion of gain ability a blessed potion of see invisible a cursed ring of polymorph a wand of create monster (0:10) a wand of fire (0:4) a wand of sleep named sleep (0:5) an uncursed oil lamp (0:0) a tinning kit (0:62) an uncursed agate stone an uncursed fluorite stone Spells and supernatural/magical abilities: Name Level Category Fail Memory E - detect food 2 divination 100% 54% H - haste self 3 escape 100% 59% T - turn undead 6 clerical 100% 54% W - pray for help -- divine ? -- Your skills at the end: Fighting Skills Weapon Skills pick-axe [Expert] whip [Basic] Spellcasting Skills Final Attributes: You were piously aligned. You were cold resistant. You were poison resistant. You were acid resistant. You were telepathic. You had infravision. You were stealthy. You were fast. You had reflection. You are dead. Vanquished creatures: 3 giant mimics a leather golem a giant beetle a wolf a panther 9 leprechauns a black light a yeti a gold golem a werewolf a lizard a dog a housecat a black unicorn a snake 3 apes a rope golem 2 Woodland-elves a fire ant a bugbear 2 wood nymphs an orc shaman a rock piercer 3 rock moles a pony 2 fog clouds 4 yellow lights a shrieker 2 kobold mummies a red naga hatchling a ghoul 3 straw golems 3 baby crocodiles 2 giant ants a little dog 10 floating eyes a dwarf 4 homunculi 6 kobold lords 2 rothes 2 rabid rats 2 giant bats 4 orc zombies 6 dwarf zombies 5 wererats a werejackal 6 iguanas 2 killer bees 4 acid blobs 5 coyotes 2 hobbits 2 manes 3 hobgoblins 8 giant rats a cave spider a brown mold 4 yellow molds 3 green molds 3 red molds 2 gnomes 4 gnome zombies 6 geckos 22 jackals 6 foxes 5 kobolds 8 goblins 16 sewer rats 11 grid bugs 9 bats 10 lichens 6 kobold zombies 13 newts 266 creatures vanquished. Voluntary challenges: You had been an atheist until turn 2033. You used a wielded weapon 321 times, starting on turn 43. You read items or engraved 103 times, starting on turn 2189. You never genocided any monsters. You never polymorphed an object. You never changed form. You used no wishes. You never split a pudding. You wrote Elbereth's name 30 times, starting on turn 2939. You violated your moral code, losing 13 points of alignment, starting on turn 10899. Dungeon overview: The Dungeons of Doom: levels 1 to 11 Level 1 a long staircase Level 2 a general store, some fountains stairs to The Gnomish Mines Level 3 a general store Level 4 Level 5 Level 6 a general store Level 7 Level 8 some fountains Level 9 stairs to Sokoban Level 10 <- You were here Level 11 The Gnomish Mines: levels 3 to 5 Level 3 stairs to The Dungeons of Doom Level 4 Level 5 many shops, a temple to Huhetotl, some fountains Sokoban: levels 5 to 8 Level 5 Level 6 Level 7 Level 8 stairs to The Dungeons of Doom History has recorded: On T:1 you entered the Dungeons of Doom to retrieve the Amulet of Yendor! On T:413 you reached level 2 of The Dungeons of Doom. On T:564 you advanced to experience level 2. On T:1634 you advanced to experience level 3. On T:1681 you reached level 1 of The Gnomish Mines. On T:1771 you reached level 2 of The Gnomish Mines. On T:1813 you reached level 3 of The Gnomish Mines. On T:2468 you advanced to experience level 4. On T:2609 you reached level 3 of The Dungeons of Doom. On T:4578 you advanced to experience level 5. On T:4837 you reached level 4 of The Dungeons of Doom. On T:4879 you reached level 5 of The Dungeons of Doom. On T:6410 you reached level 6 of The Dungeons of Doom. On T:6936 you advanced to experience level 6. On T:8153 you reached level 7 of The Dungeons of Doom. On T:8628 you reached level 8 of The Dungeons of Doom. On T:9070 you reached level 9 of The Dungeons of Doom. On T:9164 you reached level 10 of The Dungeons of Doom. On T:9265 you reached level 4 of Sokoban. On T:9626 you reached level 3 of Sokoban. On T:10262 you advanced to experience level 7. On T:10694 you reached level 2 of Sokoban. On T:11302 you reached level 1 of Sokoban. On T:12777 you advanced to experience level 8. On T:13512 you reached level 11 of The Dungeons of Doom. Score breakdown: Gold: 7641 (13209 points) Experience: 8 levels (14739 points) Exploration: 11 levels ( 23.40%) (13987 points) Discoveries: 40 items ( 13.70%) (11103 points) Valuables value: (no points given unless you survive) Artifact value: 0 ( 0 points) Variety of kills: 72 monsters ( 18.90%) (13041 points) Turncount: 13730 turns (-2846 points) Survival: died (score multiplied by 80%) Total score: 50586 Latest messages: The panther misses. The panther bites! You hit the panther. (2x) The panther hits! (2x) The panther misses. You hit the panther. The panther hits! (2x) The panther bites! You hit the panther. The panther hits! The panther misses. The panther just misses! The panther misses. The panther hits! The panther bites! You take off your towel. You can see! You displace your large cat. The dart hits the panther. You kill the panther! The mumak butts! The mumak bites! You die... Final status: Goodbye gold golem the Archeologist, killed by a mumak... You died in The Dungeons of Doom on dungeon level 10 with 50586 points, and 7641 pieces of gold, after 13730 moves. You were level 8 with a maximum of 73 hit points when you died.